[Event "Titled Tuesday Blitz May 4 2021"]
[White "Smith, Shreyas"]
[Black "Yeremyan, Alen"]
[WhiteFideId "7400713"]
[BlackFideId "13308998"]
[WhiteElo "2129"]
[BlackElo "2158"]
[Result "0-1"]
[Round "01"]
[TimeControl "180+1"]
[Date "2021.05.04"]
[WhiteClock "0:00:04"]
[BlackClock "0:00:11"]

1. d4 Nf6 2. c4 g6 3. Nc3 d5 4. Bg5 Ne4 5. Bf4 c6 6. Be5 f6 7. Bf4 Bg7 8. Nf3 O-O 9. e3 Nxc3 10. bxc3 Nd7 11. Qb3 e5 12. cxd5 exf4 13. dxc6+ Kh8 14. cxd7 Bxd7 15. Be2 fxe3 16. fxe3 Re8 17. O-O Rxe3 18. Rfe1 Qc7 19. Bc4 Rae8 20. Rxe3 Rxe3 21. Re1 Rxe1+ 22. Nxe1 Bh6 23. Nf3 Be3+ 24. Kf1 Bf4 25. Bd5 b6 26. Be6 Bc6 27. d5 Bb7 28. Qb5 Kg7 29. Qe8 Ba6+ 30. Kf2 Qc5+ 31. Nd4 Be5 32. Qa4 Qxc3 33. Nf3 Qb2+ 34. Ke3 Bb5 35. Qd1 Qc3+ 36. Kf2 Bd6 37. Nd4 Bc5 0-1


[Site "https://www.chess.com"]

[Event "Titled Tuesday Blitz May 4 2021"]
[White "Smith, Tom"]
[Black "Skatchkov, Pavel"]
[WhiteFideId "421820"]
[BlackFideId "4121848"]
[WhiteElo "2335"]
[BlackElo "2476"]
[Result "1-0"]
[Round "01"]
[TimeControl "180+1"]
[Date "2021.05.04"]
[WhiteClock "0:00:38"]
[BlackClock "0:00:25"]

1. d4 Nf6 2. Bf4 e6 3. Nc3 d5 4. e3 a6 5. Nf3 c5 6. dxc5 Bxc5 7. Bd3 Nc6 8. O-O O-O 9. e4 dxe4 10. Nxe4 Be7 11. Qe2 Qb6 12. c3 Bd7 13. Rad1 Rfd8 14. Nfg5 Nd5 15. Qh5 Bxg5 16. Nxg5 Nxf4 17. Qxf7+ Kh8 18. Qxf4 Rf8 19. Qe4 g6 20. Qh4 h5 21. Bxg6 Kg7 22. Rxd7+ Kxg6 23. Nxe6 Rf5 24. Qg3+ Kf6 25. Nc7 Rg5 26. Qd6+ Kf5 27. Rf7+ Kg4 28. Qf4# 1-0


[Site "https://www.chess.com"]

[Event "Titled Tuesday Blitz May 4 2021"]
[White "Sokac, Marko"]
[Black "Iljushina, Olga"]
[WhiteFideId "14531356"]
[BlackFideId "4152280"]
[WhiteElo "2331"]
[BlackElo "1967"]
[Result "0-1"]
[Round "01"]
[TimeControl "180+1"]
[Date "2021.05.04"]
[WhiteClock "0:00:01"]
[BlackClock "0:00:08"]

1. e4 c5 2. a3 g6 3. b4 Bg7 4. Nc3 b6 5. Rb1 Nc6 6. bxc5 bxc5 7. Nf3 Qa5 8. Bb2 Rb8 9. Ba1 Rxb1 10. Qxb1 Qxa3 11. Bc4 Nh6 12. O-O O-O 13. Bb2 Qb4 14. Qa2 Na5 15. Nd5 Qxb2 16. Nxe7+ Kh8 17. Qxa5 Qxc2 18. Qxc5 Ba6 19. d3 Bxc4 20. dxc4 Qxe4 21. Re1 Qb7 22. Qd6 a5 23. Nd5 a4 24. Ne5 Nf5 25. Nxf7+ Kg8 26. Nf6+ Kxf7 27. Qd5+ Qxd5 28. Nxd5 a3 29. Nb6 Rb8 30. Nxd7 Ra8 31. Nb6 Ra6 32. Nd5 a2 33. Nc7 a1=Q 34. Kf1 0-1


[Site "https://www.chess.com"]

[Event "Titled Tuesday Blitz May 4 2021"]
[White "Sokolovsky, Yahli"]
[Black "Hess, Robert"]
[WhiteFideId "2820242"]
[BlackFideId "2022036"]
[WhiteElo "1770"]
[BlackElo "2557"]
[Result "1/2-1/2"]
[Round "01"]
[TimeControl "180+1"]
[Date "2021.05.04"]
[WhiteClock "0:00:12"]
[BlackClock "0:00:13"]

1. b3 Nf6 2. Bb2 g6 3. e4 Bg7 4. e5 Nd5 5. d4 d6 6. c4 Nb6 7. exd6 exd6 8. Nf3 O-O 9. Be2 d5 10. c5 N6d7 11. Nc3 Nc6 12. O-O Re8 13. Re1 Nf8 14. h3 Bf5 15. a3 Ne6 16. Bb5 a6 17. Bxc6 bxc6 18. g4 Be4 19. Nxe4 dxe4 20. Rxe4 Qd5 21. Qe2 Qxb3 22. Rd1 Bf8 23. Ne5 Qxh3 24. Qe3 Qxe3 25. Rxe3 Bh6 26. Ree1 Ng5 27. Kg2 Rab8 28. Bc3 Rb3 29. Bb4 a5 30. Bxa5 Rxa3 31. Nxc6 Rxe1 32. Rxe1 Nf3 33. Re8+ Kg7 34. Bxc7 Nh4+ 35. Kf1 Bg5 36. Be5+ f6 37. Re7+ Kh6 38. Bd6 Bd2 39. Ke2 Bc3 40. Rf7 Kg5 41. Be7 Kxg4 42. Bxf6 Nf5 43. Be5 h5 44. Rf6 g5 45. Rg6 Nh4 46. Rg8 Ra2+ 47. Kd3 Be1 48. Bf6 Nf3 49. Ne5+ Nxe5+ 50. dxe5 Bxf2 51. Rxg5+ Kf4 52. Rxh5 Bxc5 53. Rh4+ Kf5 54. Rc4 Bg1 55. Rc1 Bh2 56. Rf1+ Ke6 57. Re1 Ra3+ 58. Kc4 Bg3 59. Re2 Ra4+ 60. Kb5 Ra1 61. Rg2 Rb1+ 62. Kc4 Rc1+ 63. Kd3 Bxe5 64. Bxe5 Kxe5 65. Re2+ Kd5 66. Re8 Rd1+ 67. Kc2 Rh1 68. Rd8+ Kc4 69. Rc8+ Kd4 70. Rd8+ Ke3 71. Re8+ Kf4 72. Rf8+ Ke5 73. Re8+ Kd6 74. Rd8+ Kc7 75. Rd3 Rh2+ 76. Rd2 Rh6 77. Rd3 Kb6 78. Rb3+ Kc5 79. Rc3+ Kd4 80. Rd3+ Ke4 81. Rd8 Rc6+ 82. Kd2 1/2-1/2


[Site "https://www.chess.com"]

[Event "Titled Tuesday Blitz May 4 2021"]
[White "Spyropoulos, Nikolaos"]
[Black "Alboredo, Julia"]
[WhiteFideId "4298977"]
[BlackFideId "2124807"]
[WhiteElo "2159"]
[BlackElo "2041"]
[Result "0-1"]
[Round "01"]
[TimeControl "180+1"]
[Date "2021.05.04"]
[WhiteClock "0:00:21"]
[BlackClock "0:00:03"]

1. e4 c5 2. Nf3 d6 3. d4 cxd4 4. Nxd4 Nf6 5. Nc3 g6 6. Be2 Bg7 7. Be3 Nc6 8. O-O O-O 9. Qd2 Ng4 10. Bxg4 Bxg4 11. Nxc6 bxc6 12. Bh6 Qb6 13. Bxg7 Kxg7 14. b3 Qa5 15. f3 Be6 16. Rae1 Kg8 17. f4 Bc8 18. f5 Ba6 19. Rf3 Qe5 20. Ree3 Rad8 21. Qf2 Bb7 22. Ne2 c5 23. Nf4 Bxe4 24. Nd3 Qd5 25. c4 Qd4 26. Rf4 gxf5 27. Rh4 Qa1+ 28. Re1 Qd4 29. Re3 Kh8 30. Rxh7+ Kxh7 31. Qh4+ Kg8 32. Qg5+ Qg7 33. Qh4 Qh7 34. Rg3+ Kh8 35. Qxe7 f6 36. Rh3 Qxh3 37. gxh3 Bxd3 38. h4 f4 39. h5 Rg8+ 40. Kf2 Rde8 41. Qxf6+ Kh7 42. Qxd6 Bf5 43. Qxc5 Rgf8 44. Qxa7+ Kh6 45. Qd4 Kg5 46. Qg7+ Kxh5 47. c5 Bg4 48. h3 Re2+ 49. Kf1 Bf3 50. c6 Rd8 51. Qh7+ Kg5 52. h4+ Kg4 53. Qg6+ Kh3 54. Qf5+ Bg4 55. Qb1 Rdd2 56. c7 Rh2 57. Ke1 Rdg2 58. Qd3+ f3 59. Qxf3+ Bxf3 60. c8=Q+ Bg4 61. Qc3+ Rg3 62. Qc6 Rg1# 0-1


[Site "https://www.chess.com"]

[Event "Titled Tuesday Blitz May 4 2021"]
[White "Steil-Antoni, Fiona"]
[Black "elohunter1999"]
[WhiteFideId "4001249"]
[WhiteElo "2059"]
[BlackElo "2495"]
[Result "0-1"]
[Round "01"]
[TimeControl "180+1"]
[Date "2021.05.04"]
[WhiteClock "0:00:02"]
[BlackClock "0:01:24"]

1. e4 d6 2. d4 Nf6 3. Bd3 e5 4. c3 d5 5. dxe5 Nxe4 6. Bf4 Nc6 7. Nf3 Bc5 8. O-O O-O 9. Nbd2 Bf5 10. Nb3 Bb6 11. Nbd4 Bg4 12. h3 Bh5 13. Re1 Bg6 14. Re2 Qe7 15. Nxc6 bxc6 16. Nd4 c5 17. Nf3 f6 18. exf6 Qxf6 19. Be3 Rae8 20. b4 Nxc3 21. Qc2 Nxe2+ 22. Bxe2 Bxc2 0-1


[Site "https://www.chess.com"]

[Event "Titled Tuesday Blitz May 4 2021"]
[White "Stepak, Yedael"]
[Black "Srihari L R"]
[WhiteFideId "2800454"]
[BlackFideId "46617116"]
[WhiteElo "2146"]
[BlackElo "2121"]
[Result "0-1"]
[Round "01"]
[TimeControl "180+1"]
[Date "2021.05.04"]
[WhiteClock "0:00:32"]
[BlackClock "0:00:07"]

1. d4 d6 2. c4 e5 3. d5 g6 4. Nc3 Bg7 5. e4 Ne7 6. Be3 f5 7. f3 O-O 8. Qd2 a5 9. Bd3 Na6 10. a3 Nc5 11. Bc2 b6 12. Rb1 f4 13. Bf2 g5 14. h3 Qe8 15. b4 axb4 16. axb4 Nd7 17. Nge2 Nf6 18. Nb5 Qd8 19. Qc3 Bd7 20. O-O Ng6 21. Ra1 Rxa1 22. Rxa1 h5 23. Kf1 g4 24. hxg4 hxg4 25. Ra7 Ne8 26. Qa3 g3 27. Bg1 Nh4 28. Ra8 Qg5 29. Ra7 Qd8 30. Qc1 Qc8 31. Nbc3 Nxg2 32. Nxg3 Bh3 33. Ke2 fxg3 34. Qg5 Nf4+ 35. Kd2 Rf6 36. Bxb6 Rg6 37. Qh4 cxb6 38. c5 bxc5 39. bxc5 Qxc5 40. Ra8 Bd7 41. Qd8 g2 42. Qxd7 Qd4+ 43. Kc1 g1=Q+ 44. Kb2 Nd3+ 45. Bxd3 Rg2+ 46. Kb3 Qxc3+ 47. Kxc3 Qc1+ 48. Kb4 Rb2+ 49. Ka5 Qc3+ 50. Ka6 Qa3+ 51. Qa4 Qxa4# 0-1


[Site "https://www.chess.com"]

[Event "Titled Tuesday Blitz May 4 2021"]
[White "Steven_Rojas"]
[Black "Bortnyk, Olexandr"]
[BlackFideId "14120828"]
[WhiteElo "2464"]
[BlackElo "2723"]
[Result "0-1"]
[Round "01"]
[TimeControl "180+1"]
[Date "2021.05.04"]
[WhiteClock "0:00:02"]
[BlackClock "0:00:12"]

1. d4 d6 2. c4 e5 3. Nf3 e4 4. Ng5 f5 5. h4 Be7 6. e3 g6 7. Nc3 Bxg5 8. hxg5 Qxg5 9. c5 Qd8 10. Bd2 d5 11. b4 c6 12. b5 Nf6 13. Be2 O-O 14. Qb3 Kg7 15. g3 h5 16. a4 Nbd7 17. a5 a6 18. b6 Rf7 19. Kd1 Nf8 20. Kc2 Ne6 21. Rag1 Ng5 22. Kb2 Be6 23. Qd1 Qe7 24. Na2 Ng4 25. Rg2 Qf6 26. Nb4 Bd7 27. Nc2 Ne6 28. Kb3 Rh8 29. Ne1 Ng5 30. Rh4 Be6 31. Rh1 Rff8 32. Kb4 Bf7 33. Rh4 Ne6 34. Rh1 Rfg8 35. Bc1 Kf8 36. f3 exf3 37. Nxf3 Kg7 38. Qf1 Re8 39. Bb2 Nxe3 40. Qg1 Nxg2 41. Qxg2 Ng5 42. Ne5 Ne4 43. Nf3 Nxc5 44. Bf1 Ne4 45. Ne5 c5+ 46. Ka3 c4 47. Ka2 Qd6 48. Ba3 Qf6 49. Bb2 Qg5 50. Qc2 Qxg3 51. Rh3 Qe1 52. Bxc4 dxc4 53. d5 c3 54. Bxc3 Nxc3+ 55. Kb2 Qxe5 56. Rxc3 Rc8 0-1


[Site "https://www.chess.com"]

[Event "Titled Tuesday Blitz May 4 2021"]
[White "Suasnabar, Jesus"]
[Black "Suarez Uriel, Adrian"]
[WhiteFideId "3800776"]
[BlackFideId "22230874"]
[WhiteElo "2002"]
[BlackElo "2299"]
[Result "0-1"]
[Round "01"]
[TimeControl "180+1"]
[Date "2021.05.04"]
[WhiteClock "0:00:02"]
[BlackClock "0:00:59"]

1. d4 Nf6 2. Nf3 b6 3. c4 e6 4. a3 Bb7 5. Nc3 g6 6. Qc2 c5 7. e4 cxd4 8. Nxd4 Nc6 9. Nxc6 Bxc6 10. Be2 Qb8 11. O-O Bd6 12. h3 Be5 13. Bh6 d6 14. Rad1 Ke7 15. f4 Bxc3 16. Qxc3 Nxe4 17. Qg7 Qg8 18. Bf3 Qxg7 19. Bxg7 Rhg8 20. Bd4 f5 21. Rfe1 g5 22. b4 gxf4 23. c5 bxc5 24. bxc5 d5 25. Bxe4 dxe4 26. Be5 f3 27. Bd6+ Kf7 28. Rd2 fxg2 29. Kh2 Kf6 30. Rxg2 Rxg2+ 31. Kxg2 e5 32. Kf2 f4 33. Rb1 e3+ 34. Ke1 Rg8 0-1


[Site "https://www.chess.com"]

[Event "Titled Tuesday Blitz May 4 2021"]
[White "Svane, Rasmus"]
[Black "Ambrogi, Agustin"]
[WhiteFideId "4657101"]
[BlackFideId "170933"]
[WhiteElo "2669"]
[BlackElo "2214"]
[Result "1-0"]
[Round "01"]
[TimeControl "180+1"]
[Date "2021.05.04"]
[WhiteClock "0:00:18"]
[BlackClock "0:00:07"]

1. Nf3 e6 2. g3 f5 3. Bg2 Nf6 4. O-O Be7 5. c4 O-O 6. b3 d6 7. d4 Ne4 8. Bb2 a5 9. a3 Bf6 10. Nbd2 Nc6 11. e3 Nxd2 12. Qxd2 Qe7 13. b4 a4 14. Rac1 e5 15. Rfd1 e4 16. Ne1 Bd7 17. Bc3 Be8 18. b5 Nb8 19. Nc2 Bh5 20. Re1 Nd7 21. Nb4 Nb6 22. c5 Nc4 23. Qa2 Bf7 24. Qa1 d5 25. Bf1 Na5 26. Rcd1 Nb3 27. Qb2 Kh8 28. Be2 g5 29. f3 f4 30. fxe4 dxe4 31. d5 Bg6 32. d6 cxd6 33. cxd6 Qg7 34. Bxf6 Rxf6 35. Bc4 Nc5 36. Qe5 f3 37. Rf1 Re8 38. Qxc5 Ref8 39. Rf2 h5 40. Nd5 Rf5 41. Qd4 h4 42. Ne7 R5f6 43. d7 Rd8 44. Nxg6+ Rxg6 45. Qxg7+ Rxg7 46. Rfd2 hxg3 47. hxg3 Rh7 48. Be6 Kg7 49. Bf5 Rh6 50. Rd6 Rdh8 51. Rxh6 Rxh6 52. d8=Q 1-0


[Site "https://www.chess.com"]

[Event "Titled Tuesday Blitz May 4 2021"]
[White "Sztokbant, Bernardo Vainzoff"]
[Black "Smietanska, Wiktoria"]
[WhiteFideId "2115956"]
[BlackFideId "21869359"]
[WhiteElo "2264"]
[BlackElo "1780"]
[Result "1-0"]
[Round "01"]
[TimeControl "180+1"]
[Date "2021.05.04"]
[WhiteClock "0:00:44"]
[BlackClock "0:01:25"]

1. d4 d5 2. c4 e5 3. dxe5 d4 4. Nf3 Nc6 5. a3 a5 6. e3 dxe3 7. Qxd8+ Nxd8 8. Bxe3 Bg4 9. Be2 Ne7 10. Nc3 Ndc6 11. Nb5 O-O-O 12. Ng5 Bxe2 13. Kxe2 Nxe5 14. f4 h6 15. fxe5 hxg5 16. Bxg5 Rh5 17. h4 Nc6 18. Bxd8 Rxe5+ 19. Kf3 Nxd8 20. Rhe1 Rf5+ 21. Kg4 g6 22. Re8 Bd6 23. Rd1 Kd7 24. Rh8 Rf4+ 25. Kh3 Rxc4 26. Nxd6 cxd6 27. g4 Ne6 28. Rf1 Ke7 29. Rh7 Rf4 30. Rxf4 Nxf4+ 31. Kg3 Ne6 32. Rh8 Nf8 33. h5 gxh5 34. gxh5 d5 35. h6 d4 36. h7 Ng6 37. Rg8 d3 38. Rxg6 fxg6 39. h8=Q d2 40. Qd4 d1=Q 41. Qxd1 1-0


[Site "https://www.chess.com"]

[Event "Titled Tuesday Blitz May 4 2021"]
[White "Tabatabaei, M. Amin"]
[Black "Plotnikov, Pavel"]
[WhiteFideId "12521213"]
[BlackFideId "4170342"]
[WhiteElo "2555"]
[BlackElo "2298"]
[Result "1-0"]
[Round "01"]
[TimeControl "180+1"]
[Date "2021.05.04"]
[WhiteClock "0:01:29"]
[BlackClock "0:00:49"]

1. d4 Nf6 2. Nf3 g6 3. Bf4 Bg7 4. e3 d6 5. Be2 O-O 6. O-O Nbd7 7. h3 e6 8. c4 Qe7 9. Nc3 b6 10. Qc2 Bb7 11. Bg3 e5 12. d5 a6 13. e4 Nh5 14. Bh2 Rae8 15. Rfe1 Bh8 16. b4 Ng7 17. a4 f5 18. a5 fxe4 19. Nxe4 h6 20. axb6 Nxb6 21. Red1 Nf5 22. c5 Nxd5 23. c6 Nd4 24. Nxd4 exd4 25. cxb7 Qxe4 26. Qxe4 Rxe4 27. Bc4 c6 28. Bxd6 Ree8 29. Rxa6 Kh7 30. Bxf8 Nc3 31. Bd6 Nxd1 32. b8=Q Rxb8 33. Bxb8 Nb2 34. Rxc6 d3 35. Bxd3 Nxd3 36. b5 Nb4 37. Rc7+ Kg8 38. b6 Bd4 39. b7 Na6 40. Rc6 Nxb8 41. Rc8+ Kf7 42. Rxb8 Be5 43. Rc8 g5 44. Kf1 Kg6 45. Ke2 Kh5 46. g3 g4 47. h4 Bd6 48. Kd3 Be5 49. Ke4 Bd6 50. Kd5 Be7 51. b8=Q Bf6 52. Qf4 Be7 53. Qf7# 1-0


[Site "https://www.chess.com"]

[Event "Titled Tuesday Blitz May 4 2021"]
[White "Tang, Andrew"]
[Black "Matthiesen, Martin"]
[WhiteFideId "2059630"]
[BlackFideId "1404067"]
[WhiteElo "2584"]
[BlackElo "2337"]
[Result "1-0"]
[Round "01"]
[TimeControl "180+1"]
[Date "2021.05.04"]
[WhiteClock "0:00:07"]
[BlackClock "0:00:01"]

1. d4 Nf6 2. c4 e6 3. Nc3 Bb4 4. Qc2 O-O 5. Nf3 c5 6. dxc5 Na6 7. g3 Nxc5 8. Bg2 Nce4 9. O-O Bxc3 10. bxc3 d5 11. Nd4 Qc7 12. cxd5 exd5 13. Ba3 Re8 14. Rac1 Bd7 15. Qb2 Rac8 16. e3 b6 17. Rfe1 h5 18. Qb4 h4 19. Ne2 hxg3 20. hxg3 a5 21. Qd4 Bb5 22. Nf4 Bc4 23. Rc2 Qd7 24. Bh3 Qa4 25. Bxc8 Qxc2 26. Nh3 Rxc8 27. Rc1 Qxa2 28. Be7 Qa4 29. Qxb6 Qd7 30. Bxf6 Nxf6 31. Nf4 Qf5 32. Qxa5 Re8 33. Qc7 g5 34. Ng2 Ng4 35. f4 Nxe3 36. Re1 Qd3 37. Qc5 d4 38. Qxg5+ Kf8 39. Qh6+ Kg8 40. Qg5+ Kf8 41. Qc5+ Kg8 42. Qxd4 Qxd4 43. cxd4 1-0


[Site "https://www.chess.com"]

[Event "Titled Tuesday Blitz May 4 2021"]
[White "Tarasova, Viktoriya"]
[Black "Vignesh, N R"]
[WhiteFideId "4175840"]
[BlackFideId "25012215"]
[WhiteElo "2182"]
[BlackElo "2401"]
[Result "0-1"]
[Round "01"]
[TimeControl "180+1"]
[Date "2021.05.04"]
[WhiteClock "0:00:04"]
[BlackClock "0:00:18"]

1. d4 Nf6 2. c4 e6 3. Nc3 Bb4 4. Nf3 O-O 5. Bg5 d5 6. cxd5 exd5 7. Qc2 h6 8. Bh4 c6 9. e3 Re8 10. Bd3 Bd6 11. O-O Bg4 12. Nd2 Nbd7 13. Bg3 Bxg3 14. hxg3 c5 15. dxc5 Nxc5 16. Bf5 Bxf5 17. Qxf5 Qb6 18. Rab1 Rad8 19. Rfd1 d4 20. Nc4 Qb4 21. exd4 Ne6 22. d5 Qxc4 23. dxe6 fxe6 24. Qf3 Nd5 25. Ne4 Qxa2 26. Ra1 Qxb2 27. Rxa7 Qe5 28. Rxb7 Rf8 29. Qg4 Ne3 30. fxe3 Rxd1+ 31. Qxd1 Qxe4 32. Qb3 Qe5 33. Rb6 Qxg3 34. Qxe6+ Kh8 35. Rb2 Rd8 36. Rf2 Rd1+ 37. Rf1 Rd8 38. Qe7 Rg8 39. Qe4 Qg5 40. Qf4 Qe7 41. e4 Re8 42. Re1 Qc5+ 43. Kh2 Rf8 44. Qg3 Qh5+ 45. Kg1 Qc5+ 46. Kh2 Re8 47. e5 Re6 48. Qe3 Qe7 49. Qe4 Kg8 50. Kg1 Kf7 51. Qf5+ Kg8 52. Qe4 Qf7 53. Rf1 Qe8 54. Re1 Qe7 55. Qd5 Qf7 56. Qa8+ Re8 57. Qe4 Qe6 58. Qe3 Re7 59. Qe4 Rf7 60. Kh2 Rf5 61. Kg1 Qb6+ 62. Qe3 Qxe3+ 63. Rxe3 Kf7 64. e6+ Ke7 65. Kh2 Rf6 66. Rg3 g5 67. Kh3 Rxe6 68. Ra3 Kf6 69. Kh2 Kg6 70. Rf3 h5 71. Ra3 h4 72. Ra8 Kh5 73. Rh8+ Kg4 74. Rg8 Re4 75. Kg1 Re1+ 76. Kf2 Ra1 77. Rb8 Ra2+ 78. Kg1 Ra4 79. Rb2 Ra3 80. Kh2 Ra4 81. Rc2 Rf4 82. Rb2 Kh5 83. Rc2 g4 84. Rc5+ Kg6 85. Rc6+ Rf6 86. Rc4 Kg5 87. Rc5+ Rf5 88. Rc8 Rf1 89. Rc5+ Kf4 90. Rc4+ Kf5 91. Rc5+ Kg6 92. Rc6+ Kg5 93. Rc5+ Kf6 94. Rc6+ Ke5 95. Rc5+ Kd6 96. Rc4 g3+ 97. Kh3 Rh1+ 98. Kg4 Rh2 99. Rc3 Rxg2 100. Kxh4 Rh2+ 101. Kxg3 Rd2 102. Rd3+ Rxd3+ 103. Kg4 Rd5 104. Kf4 Re5 105. Kg4 Ke6 106. Kf4 Rf5+ 0-1


[Site "https://www.chess.com"]

[Event "Titled Tuesday Blitz May 4 2021"]
[White "Tari, Aryan"]
[Black "Manukyan, Sargis A."]
[WhiteFideId "1510045"]
[BlackFideId "13303970"]
[WhiteElo "2656"]
[BlackElo "2187"]
[Result "1-0"]
[Round "01"]
[TimeControl "180+1"]
[Date "2021.05.04"]
[WhiteClock "0:00:07"]
[BlackClock "0:00:06"]

1. e4 c5 2. Nc3 d6 3. f4 Nc6 4. Nf3 g6 5. Bb5 Bg7 6. Bxc6+ bxc6 7. d3 e6 8. O-O Ne7 9. Qe1 O-O 10. Bd2 f5 11. e5 d5 12. Na4 c4 13. Ba5 Qe8 14. Nc5 cxd3 15. cxd3 Kh8 16. Nd4 Ng8 17. Rc1 Rf7 18. h3 Bf8 19. b4 Rg7 20. Qe3 Nh6 21. Rc2 Nf7 22. Rfc1 g5 23. Ncb3 gxf4 24. Qxf4 Bd7 25. Nxc6 Bxc6 26. Rxc6 Rg6 27. Qd4 Bh6 28. R1c2 Qg8 29. Nc5 Re8 30. Nd7 Rg3 31. Nf6 Qg6 32. Rxe6 Rg8 33. Nxg8 Qxe6 34. Nxh6 Nxh6 35. Qh4 Rg8 36. Qf6+ Qxf6 37. exf6 Rf8 38. Bc7 Nf7 39. Bf4 h6 40. Rc7 Kh7 41. Rxa7 Kg6 42. b5 Rc8 43. b6 Nd8 44. b7 Nxb7 45. Rxb7 Rc2 46. a4 Kxf6 47. Rb6+ Kg7 48. a5 Ra2 49. a6 d4 50. Be5+ Kf7 51. Bxd4 f4 52. Be5 h5 53. Bxf4 Ra4 54. Be5 Ra5 55. d4 Ra4 56. d5 Ra5 57. Bb8 Ke7 58. d6+ Kd7 59. a7 h4 60. Rb7+ Kc8 61. Rh7 Ra1+ 62. Kh2 Ra2 63. Rxh4 Kb7 64. Rh7+ Ka8 65. Bc7 Kb7 66. Rh8 Kxa7 67. d7 Rd2 68. d8=Q Rb2 69. Qa8# 1-0


[Site "https://www.chess.com"]

[Event "Titled Tuesday Blitz May 4 2021"]
[White "Terletsky, Oleg"]
[Black "Bellahcene, Bilel"]
[WhiteFideId "14116774"]
[BlackFideId "696358"]
[WhiteElo "2094"]
[BlackElo "2493"]
[Result "0-1"]
[Round "01"]
[TimeControl "180+1"]
[Date "2021.05.04"]
[WhiteClock "0:00:02"]
[BlackClock "0:00:09"]

1. e4 c5 2. Nf3 d6 3. d4 cxd4 4. Nxd4 Nf6 5. Nc3 a6 6. Bc4 g6 7. f3 Nbd7 8. Be3 b5 9. Bb3 Bb7 10. Qd2 h5 11. a4 bxa4 12. Nxa4 Rc8 13. c4 Ne5 14. Rc1 h4 15. h3 Bxe4 16. fxe4 Nxe4 17. Qc2 Qa5+ 18. Nc3 Ng3 19. Ba4+ Nd7 20. Rg1 Rxc4 21. Qb3 Rb4 22. Bxd7+ Kxd7 23. Qxf7 Qe5 24. Kd2 Rxd4+ 25. Bxd4 Qxd4+ 26. Kc2 Bh6 27. Rcd1 Qf6 28. Qxf6 exf6 29. Rge1 Bf4 30. Ne4 Be5 31. Nxg3 hxg3 32. Re4 f5 33. Rc4 Rb8 34. b3 Ke6 35. Rd3 g5 36. Ra4 Rc8+ 37. Kd2 Rc6 38. Rc4 Rb6 39. Kc2 f4 40. Ra4 Kf5 41. Rc4 g4 42. hxg4+ Kxg4 43. Rf3 Rb8 44. Rc6 Rh8 45. Kd3 Rh2 46. Rc2 Rxg2 47. Rxf4+ Bxf4 48. Rxg2 Kf3 49. Rc2 g2 0-1


[Site "https://www.chess.com"]

[Event "Titled Tuesday Blitz May 4 2021"]
[White "The_filthy"]
[Black "Jumabayev, Rinat"]
[BlackFideId "13702661"]
[WhiteElo "2400"]
[BlackElo "2535"]
[Result "0-1"]
[Round "01"]
[TimeControl "180+1"]
[Date "2021.05.04"]
[WhiteClock "0:00:38"]
[BlackClock "0:01:22"]

1. e4 c5 2. Nf3 d6 3. d4 cxd4 4. Nxd4 Nf6 5. Nc3 a6 6. Be3 e6 7. f3 b5 8. Qd2 b4 9. Nce2 e5 10. Nf5 d5 11. O-O-O d4 12. Bf2 Nc6 13. Kb1 Be6 14. Nc1 g6 15. Ng3 h5 16. h4 Bh6 17. Qe1 Nd7 18. Nd3 a5 19. Ne2 Qb6 20. f4 a4 21. Nxe5 Ndxe5 22. fxe5 b3 23. Nxd4 bxa2+ 24. Ka1 Nb4 25. Bd3 Qa5 26. Bb5+ Qxb5 0-1


[Site "https://www.chess.com"]

[Event "Titled Tuesday Blitz May 4 2021"]
[White "Tikhonov, Viacheslav"]
[Black "Dejmek, Mark"]
[WhiteFideId "44196407"]
[BlackFideId "2017628"]
[WhiteElo "1773"]
[BlackElo "2206"]
[Result "1-0"]
[Round "01"]
[TimeControl "180+1"]
[Date "2021.05.04"]
[WhiteClock "0:00:55"]
[BlackClock "0:00:02"]

1. Nf3 c5 2. c4 Nf6 3. b3 g6 4. Bb2 Bg7 5. g3 b6 6. Bg2 Bb7 7. O-O O-O 8. d4 cxd4 9. Nxd4 Bxg2 10. Kxg2 Qc8 11. f3 d5 12. cxd5 Nxd5 13. Qd2 Rd8 14. Na3 e5 15. Rac1 Qb7 16. e4 Ne7 17. Nab5 Na6 18. Qf2 exd4 19. Bxd4 Nc5 20. Bxc5 bxc5 21. Qxc5 a6 22. Nd6 Qd7 23. Rfd1 Nc8 24. Nxf7 Qxd1 25. Rxd1 Rxd1 26. Qc6 Rb8 27. Qe8+ Bf8 28. Ng5 Rb7 29. Qe6+ Kg7 30. Qxc8 Rdd7 31. Ne6+ Kf6 32. Nxf8 Re7 33. Qc3+ Kf7 34. Nxh7 Kg8 35. Ng5 Rg7 36. Qc8# 1-0


[Site "https://www.chess.com"]

[Event "Titled Tuesday Blitz May 4 2021"]
[White "Titichoca Daza, Daniel"]
[Black "Gritsenko, Nikolai"]
[WhiteFideId "3309550"]
[BlackFideId "14112493"]
[WhiteElo "1910"]
[BlackElo "2389"]
[Result "0-1"]
[Round "01"]
[TimeControl "180+1"]
[Date "2021.05.04"]
[WhiteClock "0:00:02"]
[BlackClock "0:00:13"]

1. e4 d6 2. d4 Nf6 3. Nc3 g6 4. Nf3 Bg7 5. h3 O-O 6. Be3 b6 7. Bd3 Bb7 8. Qd2 c5 9. O-O-O c4 10. Bxc4 Nxe4 11. Nxe4 Bxe4 12. Bh6 Bxf3 13. gxf3 d5 14. Bd3 Nc6 15. Kb1 e6 16. c3 Qh4 17. Bxg7 Kxg7 18. Rdg1 Ne7 19. Rg4 Qh6 20. Qe2 a6 21. h4 b5 22. h5 Rab8 23. Qe5+ Kg8 24. Rh2 Qg7 25. hxg6 hxg6 26. Qe3 b4 27. cxb4 Rxb4 28. Rgh4 Rfb8 29. b3 a5 30. Qe5 Qxe5 31. dxe5 Kf8 32. Rh8+ Ng8 33. R2h7 a4 34. Bc2 axb3 35. axb3 Rf4 36. Bd1 Rf5 37. f4 Rxf4 38. f3 Rf5 39. Kb2 Rxe5 40. Bc2 Re2 41. Kc3 Rf2 42. Kd4 Rxc2 43. Ke5 Re2+ 44. Kd6 d4 45. Kc7 Re8 46. Rh4 d3 47. Rd4 Rc2+ 48. Kb7 d2 49. b4 Rb2 0-1


[Site "https://www.chess.com"]

[Event "Titled Tuesday Blitz May 4 2021"]
[White "Todorovic, Bojan"]
[Black "Kovalev, Egor"]
[WhiteFideId "917087"]
[BlackFideId "24124117"]
[WhiteElo "2266"]
[BlackElo "2253"]
[Result "0-1"]
[Round "01"]
[TimeControl "180+1"]
[Date "2021.05.04"]
[WhiteClock "0:00:03"]
[BlackClock "0:01:00"]

1. Nf3 Nf6 2. c4 g6 3. Nc3 d5 4. cxd5 Nxd5 5. Qa4+ Nc6 6. Ne5 Nb4 7. Nxc6 Nxc6 8. g3 Bg7 9. Bg2 O-O 10. O-O Nd4 11. e3 Bd7 12. Qd1 Nc6 13. d4 e5 14. d5 Ne7 15. b3 Nc8 16. Ba3 Nd6 17. Ne4 Bb5 18. Re1 f5 19. Nc5 Bd7 20. Rc1 e4 21. Qc2 Rc8 22. Bf1 Rf7 23. Red1 Qf6 24. Nxd7 Rxd7 25. Qc5 a6 26. Rc2 h5 27. Bb2 Qe7 28. Bxg7 Qxg7 29. Rd4 Kh7 30. h4 Kh6 31. b4 g5 32. hxg5+ Qxg5 33. Qc3 h4 34. Qe1 Rg8 35. Kg2 Rdg7 0-1


[Site "https://www.chess.com"]

[Event "Titled Tuesday Blitz May 4 2021"]
[White "Tokman, Ariel"]
[Black "Nesterov, Arseniy"]
[WhiteFideId "117420"]
[BlackFideId "24198455"]
[WhiteElo "2345"]
[BlackElo "2441"]
[Result "0-1"]
[Round "01"]
[TimeControl "180+1"]
[Date "2021.05.04"]
[WhiteClock "0:00:08"]
[BlackClock "0:00:25"]

1. d4 d5 2. Bf4 Nf6 3. e3 Bf5 4. Nf3 e6 5. Be2 Bd6 6. Bg3 Ne4 7. Nbd2 Nxg3 8. hxg3 c5 9. c3 Nc6 10. dxc5 Bxc5 11. Nb3 Bd6 12. Bd3 Bxd3 13. Qxd3 h6 14. e4 dxe4 15. Qxe4 Qb6 16. Rd1 O-O-O 17. O-O Bxg3 18. Rxd8+ Rxd8 19. Qg4 Bxf2+ 20. Kh1 g5 21. Nfd2 Ne5 22. Qe2 Be3 23. Nc4 Nxc4 24. Qxc4+ Kb8 25. Rxf7 Bf4 26. Qe2 Qb5 27. Qf3 Qc6 28. Qxc6 Rd1# 0-1


[Site "https://www.chess.com"]